 Dungeon Crawl Stone Soup version 0.23-a0-650-ga4d50d4d25 (webtiles) character file.

486322 Morbidden the Wrestler (level 24, 72/152 HPs)
             Began as a Gargoyle Fighter on Dec 1, 2018.
             Was a High Priest of Ru.
             Quit the game on level 5 of the Depths on Jan 7, 2019.
             The game lasted 02:26:20 (46207 turns).

Morbidden the Wrestler (Gargoyle Fighter)          Turns: 46207, Time: 02:26:20

Health: 72/152     AC: 61    Str: 28    XL:     24   Next: 96%
Magic:  15/40      EV:  8    Int: 27    God:    Ru [*****.]
Gold:   4785       SH: 15    Dex:  9    Spells: 44/49 levels left

rFire    . . .     SeeInvis +     - Unarmed
rCold    . . .     Gourm    .   L - +0 shield {reflect}
rNeg     + . .     Faith    .   E - +7 crystal plate armour
rPois    ∞         Spirit   +   Y - +2 helmet "Sotuinoe" {Str+3}
rElec    +         Reflect  +   C - +2 cloak of the Mackerel {Int+4}
rCorr    .         Harm     .   J - +2 pair of gloves of Wale {rC- MR+ Regen+}
MR       +++..                  K - +1 pair of boots {Stlth+}
Stlth    ..........             Q - amulet of guardian spirit
HPRegen  0.75/turn              U - ring of Puguthoicaf {rElec rC+ Str-2 Int+9 SInv}
MPRegen  0.27/turn              q - ring of protection from magic

@: flying, studying Spellcasting, drained
A: big wings, negative energy resistance 1, screaming 1, electricity resistance,
unbreathing, petrification resistance, rot immunity, no stealth, inability to
use devices, hated by all, no air magic, no necromancy magic, no summoning
magic, unskilled 1, AC +18
}: 2/15 runes: barnacled, gossamer
a: Stop Flying, Draw Out Power, Power Leap, Apocalypse, Renounce Religion


You were on level 5 of the Depths.
You worshipped Ru.
Ru was extremely pleased with you.
You were very full.

You visited 9 branches of the dungeon, and saw 44 of its levels.
You also visited: Labyrinth.

You collected 6225 gold pieces.
You spent 1440 gold pieces at shops.

Inventory:

Missiles
 i - a throwing net (quivered)
 H - 31 poisoned javelins
 M - 29 javelins
Armour
 C - the +2 cloak of the Mackerel (worn) {Int+4}
   (You found it on level 5 of the Dungeon)

   It affects your intelligence (+4).
 E - a +7 crystal plate armour (worn)
 F - a scarf of resistance
 J - the +2 pair of gloves of Wale (worn) {rC- MR+ Regen+}
   (You acquired it on level 9 of the Dungeon)

   It makes you vulnerable to cold.
   It affects your resistance to hostile enchantments.
   It increases your rate of regeneration.
 K - a +1 pair of boots of stealth (worn)
 L - a +0 shield of reflection (worn)
 Y - the +2 helmet "Sotuinoe" (worn) {Str+3}
   (You found it on level 3 of the Elven Halls)

   It affects your strength (+3).
Jewellery
 j - an uncursed ring of positive energy
 q - a ring of protection from magic (right hand)
 w - an uncursed ring of protection from cold
 x - an uncursed ring of protection from fire
 O - an uncursed ring of protection from fire
 Q - an amulet of guardian spirit (around neck)
 U - the ring of Puguthoicaf (left hand) {rElec rC+ Str-2 Int+9 SInv}
   (You bought it in a shop on level 3 of the Elven Halls)

   [ring of see invisible]

   It affects your strength (-2).
   It affects your intelligence (+9).
   It protects you from cold.
   It insulates you from electricity.
   It lets you see invisible.
Scrolls
 b - a scroll of silence
 f - 6 scrolls of immolation
 g - 4 scrolls of fear
 h - 7 scrolls of identify
 k - 3 scrolls of noise
 m - 21 scrolls of teleportation
 r - 24 scrolls of remove curse
 t - 12 scrolls of amnesia
 y - 7 scrolls of fog
 A - a scroll of brand weapon
 D - a scroll of enchant armour
 G - 3 scrolls of blinking
 I - 10 scrolls of enchant weapon
 N - a scroll of torment
 R - a scroll of random uselessness {unknown}
 V - 3 scrolls of vulnerability
 W - 10 scrolls of magic mapping
Potions
 a - 10 potions of magic
 c - 2 potions of mutation
 e - 3 potions of invisibility
 l - a potion of heal wounds
 n - 17 potions of flight
 o - 6 potions of might
 p - 6 potions of brilliance
 s - 19 potions of curing
 u - 4 potions of haste
 v - 6 potions of ambrosia
 z - 2 potions of resistance
 B - 4 potions of berserk rage
 S - 7 potions of agility
 X - a potion of cancellation
Books
 T - a manual of Spellcasting
Comestibles
 d - 64 rations


   Skills:
 * Level 15.7(15.3) Fighting
 + Level 13.7(13.3) Armour
 * Level 4.8(4.5) Dodging
 + Level 18.0(17.6) Shields
 + Level 23.6(23.1) Unarmed Combat
 * Level 13.4(13.0) Spellcasting
 * Level 10.7(10.3) Transmutations


You had 44 spell levels left.
You knew the following spells:

 Your Spells              Type           Power        Failure   Level  Hunger
a - Blade Hands           Tmut           ######....   28%         5    ##.....

Your spell library contained the following spells:

 Spells                   Type           Power        Failure   Level  Hunger
 Beastly Appendage        Tmut           ######       1%          1    None
 Passwall                 Tmut/Erth      #####...     13%         2    None
 Spider Form              Tmut/Pois      #####.....   26%         3    None
 Ignite Poison            Fire/Tmut/Pois #####...     45%         3    None
 Corona                   Hex            ###....      56%         1    None
 Flame Tongue             Conj/Fire      ###..        56%         1    None
 Magic Dart               Conj           ###.         56%         1    None
 Sandblast                Erth           ###...       56%         1    None
 Ice Form                 Ice/Tmut       #####...     63%         4    None
 Petrify                  Tmut/Erth      #####...     63%         4    None
 Blink                    Tloc           N/A          71%         2    None
 Ensorcelled Hibernation  Hex/Ice        ###...       71%         2    None
 Slow                     Hex            ###.....     71%         2    None
 Throw Flame              Conj/Fire      ###...       71%         2    None
 Hydra Form               Tmut           ######....   83%         6    ####...
 Confuse                  Hex            ###.....     91%         3    None
 Conjure Flame            Conj/Fire      ###.....     91%         3    None
 Dazzling Spray           Conj/Hex       ###...       91%         3    None
 Inner Flame              Hex/Fire       ###.....     91%         3    None
 Portal Projectile        Hex/Tloc       ###...       91%         3    None
 Stone Arrow              Conj/Erth      ###...       91%         3    None
 Tukima's Dance           Hex            ###.....     91%         3    None
 Irradiate                Conj/Tmut      #####.....   93%         5    ##.....
 Yara's Violent Unravell  Hex/Tmut       #####.....   93%         5    ##.....
 Cause Fear               Hex            ###.......   100%        4    None
 Leda's Liquefaction      Hex/Erth       ###.......   100%        4    None
 Sticky Flame             Conj/Fire      ###.....     100%        4    None
 Fireball                 Conj/Fire      ###.......   100%        5    ##.....
 Lee's Rapid Deconstruct  Erth           ###.......   100%        5    ##.....
 Bolt of Fire             Conj/Fire      ###.......   100%        6    ####...
 Iron Shot                Conj/Erth      ###.......   100%        6    ####...
 Dragon Form              Tmut           ######....   100%        7    ######.
 Ring of Flames           Chrm/Fire      ###.......   100%        7    ######.
 Discord                  Hex            ###.......   100%        8    #######
 Ignition                 Fire           ###.......   100%        8    #######
 Shatter                  Erth           ###.......   100%        9    #######
 Sticks to Snakes         Tmut           Unusable     N/A         2    N/A
 Animate Skeleton         Necr           Unusable     N/A         1    N/A
 Pain                     Necr           Unusable     N/A         1    N/A
 Shock                    Conj/Air       Unusable     N/A         1    N/A
 Summon Butterflies       Summ           Unusable     N/A         1    N/A
 Summon Small Mammal      Summ           Unusable     N/A         1    N/A
 Call Imp                 Summ           Unusable     N/A         2    N/A
 Poisonous Vapours        Pois/Air       Unusable     N/A         2    N/A
 Swiftness                Chrm/Air       Unusable     N/A         2    N/A
 Call Canine Familiar     Summ           Unusable     N/A         3    N/A
 Mephitic Cloud           Conj/Pois/Air  Unusable     N/A         3    N/A
 Recall                   Summ/Tloc      Unusable     N/A         3    N/A
 Regeneration             Chrm/Necr      Unusable     N/A         3    N/A
 Static Discharge         Conj/Air       Unusable     N/A         3    N/A
 Summon Guardian Golem    Hex/Summ       Unusable     N/A         3    N/A
 Vampiric Draining        Necr           Unusable     N/A         3    N/A
 Airstrike                Air            Unusable     N/A         4    N/A
 Animate Dead             Necr           Unusable     N/A         4    N/A
 Summon Ice Beast         Ice/Summ       Unusable     N/A         4    N/A
 Summon Lightning Spire   Summ/Air       Unusable     N/A         4    N/A
 Aura of Abjuration       Summ           Unusable     N/A         5    N/A
 Dispel Undead            Necr           Unusable     N/A         5    N/A
 Lightning Bolt           Conj/Air       Unusable     N/A         5    N/A
 Silence                  Hex/Air        Unusable     N/A         5    N/A
 Summon Demon             Summ           Unusable     N/A         5    N/A
 Summon Forest            Summ/Tloc      Unusable     N/A         5    N/A
 Summon Mana Viper        Hex/Summ       Unusable     N/A         5    N/A
 Deflect Missiles         Chrm/Air       Unusable     N/A         6    N/A
 Freezing Cloud           Conj/Ice/Air   Unusable     N/A         6    N/A
 Shadow Creatures         Summ           Unusable     N/A         6    N/A
 Statue Form              Tmut/Erth      Unusable     N/A         6    N/A
 Malign Gateway           Summ/Tloc      Unusable     N/A         7    N/A
 Monstrous Menagerie      Summ           Unusable     N/A         7    N/A
 Summon Greater Demon     Summ           Unusable     N/A         7    N/A
 Summon Hydra             Summ           Unusable     N/A         7    N/A
 Summon Horrible Things   Summ           Unusable     N/A         8    N/A
 Tornado                  Air            Unusable     N/A         9    N/A

Dungeon Overview and Level Annotations

Branches:
Dungeon (15/15)            Temple (0/1) D:7            Lair (6/6) D:11
 Shoals (4/4) Lair:4       Spider (4/4) Lair:2        Slime (0/5) Lair:5
    Orc (2/2) D:10            Elf (3/3) Orc:2        Vaults (4/5) D:14
  Crypt (0/3) Vaults:3     Depths (5/5) D:15           Hell (1/1)
    Dis: Hell:1         Geh: Hell:1         Coc: Hell:1         Tar: Hell:1
    Zot: Depths:5

Altars:
Ashenzari
Cheibriados
Dithmenos
Gozag
Hepliaklqana
Kikubaaqudgha
Nemelex Xobeh
Ru
Sif Muna
Trog
Vehumet
Wu Jian
Beogh

Shops:
D:4 =}}   D:5 !   D:7 (?*   D:11 !   Orc:2 ([*=   Elf:1 !   Elf:3 =
Vaults:1 [   Vaults:2 [   Vaults:4 %%*%   Depths:2 *   Depths:3 }=}[

Portals:
Hell: Depths:1 Depths:2 Depths:3 Depths:4
Abyss: Depths:1 Depths:4
Pandemonium: Depths:3
Ziggurat: Depths:2

Annotations:
D:2 1 runed door
Lair:1 exclusion: 2 oklob plants
Vaults:3 4 runed doors
Depths:2 exclusion: obsidian statue


Innate Abilities, Weirdness & Mutations

You are resistant to torment.
Your stone body is resilient. (AC +18)
You are immune to poison.
Your large and strong wings let you fly indefinitely.
You resist negative energy. (rN+)
You occasionally shout uncontrollably at your foes.
You are resistant to electric shocks. (rElec)
You can survive without breathing.
You are immune to petrification.
You are immune to rotting.
You cannot be stealthy.
You cannot study or use magical devices.
You are hated by all.
You cannot study or cast Air magic.
You cannot study or cast Necromancy magic.
You cannot study or cast Summoning magic.
You are somewhat unskilled. (-1 Apt)


Message History

The fire dragon bites you but does no damage.
The fire dragon claws you but does no damage.
The fire dragon barely misses you.
Okay, then.
You aren't carrying any items that you can evoke.
Unknown command.
Okay, then.
Okay, then.
Casting: Blade Hands (quite dangerous; 28% risk of failure)
Confirm with . or Enter, or press ? or * to list all spells.
Okay, then.
Okay, then.
You can't go down here!
Unknown command.
You can't go up here!
You can't go down here!
Unknown command.
Quiver which item? (- for none, * to show all) (? for menu, Esc to quit)
Okay, then.
Are you sure you want to abandon this character and quit the game? (Confirm

#.##...##...## D.
#......#...# ##'## ##
#####..'..# ##D..## +.
#..# ##.....## #.
##)######...#...## #.
#))))##...###[))#####.
####)#...## ##...#....
#.##'## ##'##.###
#.@D.# #....# ######
######


You could see a fire dragon.

Vanquished Creatures
  The ghost of Mischuekh the Executioner, a legendary FoFi of Okawaru (Depths:2)
  Saint Roka (Depths:5)
  A golden dragon (Depths:2)
  Geryon (Hell)
  the Enchantress (Depths:3)
  Jory (Vaults:3)
  A tentacled monstrosity (Depths:3)
  Arachne (Spider:4)
  Rupert (D:14)
  2 deep elf master archers (Elf:3)
  Asterion (Elf:1)
  2 liches
  6 titans
  2 deep elf blademasters (Elf:3)
  2 sphinxes
  A kraken (Shoals:2)
  Kirke (Lair:5)
  A storm dragon (Depths:5)
  2 shadow dragons
  A nagaraja (Depths:4)
  2 tengu reavers (Depths:2)
  Roxanne (Elf:1)
  A draconian knight (Depths:5)
  11 fire giants
  5 deep elf sorcerers
  8 frost giants
  A draconian shifter (Depths:5)
  4 ghost moths
  9 emperor scorpions
  2 orc warlords
  15 vault wardens
  An iron dragon (Depths:2)
  6 deep elf elementalists (Elf:3)
  3 spriggan defenders (Depths:3)
  A draconian stormcaller (Depths:5)
  2 ghouls
  The ghost of Anen the Devastator, a journeyman FeCj of Sif Muna (Vaults:3)
  10 ironheart preservers
  A reaper (Hell)
  21 very ugly things
  8 stone giants
  3 entropy weavers
  A green draconian (Depths:4)
  A vampire knight (Depths:2)
  A large abomination (Vaults:1)
  2 minotaurs (Depths:4)
  5 deep elf demonologists
  A white draconian (Depths:5)
  A red draconian (Depths:5)
  4 dire elephants (Lair:6)
  A yellow draconian (Depths:5)
  6 deep elf annihilators
  10 spark wasps
  A purple draconian (Depths:5)
  6 merfolk impalers
  Snorg (D:13)
  Azrael (D:14)
  7 deep elf death magi
  A blizzard demon (Hell)
  A green death (Hell)
  9 fire dragons
  5 ettins
  A merfolk javelineer (Shoals:4)
  11 crystal guardians (Depths:2)
  A fire dragon (shapeshifter) (Depths:1)
  11 yaktaur captains
  4 deep elf high priests
  7 great orbs of eyes
  8 ice dragons
  14 vault guards
  6 rakshasas
  Harold (Orc:1)
  6 hydras
  2 catoblepae
  A naga warrior (Depths:4)
  6 merfolk aquamancers
  3 spriggan air magi
  Erica (D:8)
  10 centaur warriors
  3 death knights
  5 death yaks (Lair:5)
  12 two-headed ogres
  7 merfolk avatars
  An anaconda (Lair:6)
  24 dancing weapons
  6 deep troll earth magi
  A vampire mage (Depths:3)
  A satyr (Shoals:3)
  5 tengu warriors
  6 ogre magi
  6 deep troll shamans
  6 spriggan berserkers
  4 soul eaters
  3 orc high priests (Orc:2)
  9 hell knights (Depths:3)
  21 deep elf knights
  A small abomination (Elf:3)
  Nergalle (Lair:3)
  14 skeletal warriors
  5 salamander mystics
  A death drake (shapeshifter) (Vaults:2)
  2 iron trolls (Depths:1)
  2 unseen horrors
  A glowing orange brain (Vaults:2)
  11 sea snakes
  23 deep trolls
  An orange crystal statue (Depths:2)
  15 deep elf archers
  17 orc knights
  A spriggan druid (Elf:1)
  9 wizards
  34 harpies
  8 necromancers
  2 flayed ghosts
  11 ironbrand convokers
  Pikel (D:9)
  2 lindwurms
  A harpy (shapeshifter) (Vaults:3)
  27 wolf spiders
  2 wolf spider zombies
  3 phantasmal warriors
  19 orb spiders
  73 deep elf magi
  An orb spider (shapeshifter) (Vaults:1)
  8 orc sorcerers
  4 fauns
  A faun (shapeshifter) (Elf:2)
  5 salamanders
  16 cyclopes
  3 manticores (shapeshifter)
  A frost giant skeleton (Vaults:2)
  12 manticores
  43 ugly things
  13 elephants (Lair:6)
  2 moths of wrath
  A stone giant skeleton (Vaults:1)
  A moth of wrath (shapeshifter) (Depths:5)
  8 merfolk sirens
  3 guardian serpents (Depths:4)
  10 water nymphs
  10 vault sentinels
  6 spiny frogs
  3 smoke demons (Hell)
  A gargoyle (D:12)
  4 torpor snails
  3 black mambas
  An ice statue (D:15)
  A hellion (Depths:1)
  3 rime drakes
  11 demonic crawlers
  57 yaktaurs
  3 freezing wraiths
  6 komodo dragons
  2 kobold demonologists
  4 hellwings
  A queen bee (D:8)
  A queen bee (shapeshifter) (Vaults:3)
  9 red devils
  A tengu conjurer (Depths:3)
  37 jumping spiders
  10 wind drakes
  9 trolls
  4 polar bears
  7 hornets
  28 merfolk
  9 blink frogs
  A blink frog (shapeshifter) (Vaults:3)
  7 dream sheep (Lair:6)
  9 hippogriffs
  20 slime creatures
  3 human simulacra
  13 snapping turtles
  A centaur simulacrum (D:14)
  3 air elementals
  6 vampires
  4 wyverns
  An orc simulacrum (Vaults:1)
  Sigmund (D:2)
  62 redbacks
  16 water elementals
  23 tarantellas
  5 wraiths
  35 yaks
  15 spriggans
  8 basilisks
  Eustachio (D:6)
  3 hogs (Lair:5)
  A yak (shapeshifter) (Vaults:1)
  4 fire elementals (D:14)
  7 hungry ghosts
  A swamp worm (shapeshifter) (Vaults:2)
  2 vampire mosquitoes (D:13)
  2 acid dragons (D:13)
  6 wargs
  5 hell hounds
  5 porcupines
  16 water moccasins
  A floating eye (Depths:3)
  Duvessa (D:6)
  62 orc warriors
  4 slaves (D:9)
  3 ice beasts
  2 sky beasts
  5 black bears
  A human zombie (Vaults:1)
  12 boggarts
  2 eyes of draining
  A swamp dragon zombie (Hell)
  3 phantoms
  2 orc skeletons
  25 ogres
  9 wolves
  33 centaurs
  A crocodile (shapeshifter) (Depths:4)
  10 crocodiles
  3 big kobolds
  An elf simulacrum (Vaults:1)
  18 bullfrogs
  An earth elemental (Elf:3)
  A wyvern zombie (D:13)
  Dowan (D:6)
  3 wyvern skeletons
  2 scorpions (D:11)
  17 killer bees (D:8)
  4 howler monkeys
  15 wights
  8 electric eels
  7 crimson imps
  3 centaur zombies
  12 hounds
  A quasit (D:12)
  A bullfrog zombie (D:6)
  A bullfrog skeleton (D:3)
  2 centaur skeletons
  10 jellies
  38 orc priests
  32 orc wizards
  7 iguanas
  9 worker ants
  A hound zombie (D:7)
  6 gnolls (D:4)
  A howler monkey skeleton (D:3)
  12 adders
  5 shadow imps
  2 oozes (D:2)
  3 adder skeletons
  2 worms (D:2)
  2 dart slugs (D:2)
  8 leopard geckos
  135 orcs
  5 giant cockroaches
  10 goblins
  4 hobgoblins
  2 jackals (D:2)
  11 kobolds
  3 quokkas
  A ball python (D:4)
  2 bats (D:2)
  9 frilled lizards
  14 rats
  3 crawling corpses (Elf:3)
  A fungus (Lair:6)
  6 plants
  4 tentacles (Shoals:2)
  A withered plant (Shoals:4)
1987 creatures vanquished.

Vanquished Creatures (collateral kills)
  A dire elephant (Lair:6)
1 creature vanquished.

Vanquished Creatures (others)
  2 fire giants
  2 deep elf sorcerers (Elf:3)
  A ghost moth (Spider:2)
  An ironheart preserver (Vaults:1)
  An entropy weaver (Vaults:1)
  A minotaur (Lab)
  A deep elf demonologist (Elf:3)
  2 spark wasps
  An ettin (Depths:4)
  A merfolk javelineer (Shoals:4)
  3 yaktaur captains
  2 ice dragons
  A dancing weapon (Elf:2)
  An alligator snapping turtle (Shoals:4)
  A satyr (Shoals:4)
  A deep troll earth mage (Depths:4)
  A two-headed ogre (Depths:2)
  An orc high priest (Depths:4)
  A deep elf knight (Elf:2)
  A skeletal warrior (Depths:4)
  A deep elf archer (Vaults:3)
  2 deep trolls (Depths:4)
  3 harpies
  2 necromancers
  A deep elf mage (Elf:1)
  An ugly thing (Depths:3)
  2 wolf spiders (Spider:4)
  10 yaktaurs
  2 merfolk
  2 jumping spiders
  2 slime creatures
  6 redbacks
  2 tarantellas (Spider:2)
  A human (Lair:5)
  A water moccasin (D:12)
  2 orc warriors
  A swamp drake (shapeshifter) (Depths:4)
  A boggart (Vaults:2)
  A centaur (D:13)
  A killer bee (D:8)
  A crimson imp (Depths:1)
  A worker ant (D:13)
  A shadow imp (D:11)
  3 orcs
  A kobold (D:13)
  2 crawling corpses (Elf:3)
  12 fungi
  5 plants
  4 tentacles (Shoals:2)
100 creatures vanquished.

Grand Total: 2088 creatures vanquished

Notes
Turn   | Place    | Note
-------+----------+-------------------------------------------
     0 | D:1      | Morbidden the Gargoyle Fighter began the quest for the Orb.
     0 | D:1      | Reached XP level 1. HP: 14/14 MP: 1/1
     6 | D:1      | Noticed a wyvern
     6 | D:1      | Noticed a hound
     6 | D:1      | Noticed a black bear
   161 | D:1      | Reached XP level 2. HP: 14/19 MP: 2/2
   607 | D:1      | Found a shattered altar of Ashenzari.
   676 | D:1      | Reached XP level 3. HP: 23/23 MP: 3/3
   946 | D:2      | Reached skill level 3 in Unarmed Combat
  1022 | D:2      | Found a runed door.
  1074 | D:2      | Reached XP level 4. HP: 26/28 MP: 4/4
  1132 | D:2      | Noticed Sigmund
  1164 | D:2      | Killed Sigmund
  1164 | D:2      | Reached skill level 5 in Unarmed Combat
  1164 | D:2      | Reached XP level 5. HP: 25/32 MP: 5/5
  1306 | D:2      | Reached XP level 6. HP: 37/37 MP: 6/6
  1346 | D:2      | Found a shadowy altar of Dithmenos.
  1481 | D:2      | Found an ornate altar of the Wu Jian Council.
  1824 | D:3      | Found a snail-covered altar of Cheibriados.
  1824 | D:3      | Found a sacrificial altar of Ru.
  1851 | D:3      | Became a worshipper of Ru the Awakened
  2153 | D:3      | Reached skill level 6 in Unarmed Combat
  2249 | D:3      | Reached XP level 7. HP: 41/41 MP: 7/7
  2819 | D:4      | Found Hikerem's Gadget Shop.
  2830 | D:4      | Reached skill level 5 in Shields
  3053 | D:4      | Reached skill level 7 in Unarmed Combat
  3167 | D:4      | Reached skill level 1 in Dodging
  3174 | D:4      | Found Puemn's Jewellery Emporium.
  3193 | D:4      | Reached XP level 8. HP: 41/46 MP: 8/8
  3485 | D:4      | Found Vycva's Gadget Shoppe.
  3629 | D:4      | Found Nuwkya's General Store.
  3712 | D:5      | Entered Level 5 of the Dungeon
  3868 | D:5      | Reached skill level 8 in Unarmed Combat
  3886 | D:5      | Found Adutzor's Distillery.
  4176 | D:5      | Got a faintly humming cloak
  4182 | D:5      | Identified the +2 cloak of the Mackerel {Int+4} (You found
                  | it on level 5 of the Dungeon)
  4360 | D:5      | Got a fabulously ornate robe
  4371 | D:5      | Identified the +1 robe of Conscience {Dex+5} (You found it
                  | on level 5 of the Dungeon)
  4421 | D:5      | Found a bloodstained altar of Trog.
  4692 | D:6      | Reached skill level 9 in Unarmed Combat
  4754 | D:6      | Noticed Duvessa
  4757 | D:6      | Noticed Dowan
  4768 | D:6      | Killed Duvessa
  4797 | D:6      | Killed Dowan
  4797 | D:6      | Reached XP level 9. HP: 52/52 MP: 9/9
  4809 | D:6      | Found a radiant altar of Vehumet.
  5093 | D:6      | Noticed Eustachio
  5111 | D:6      | Killed Eustachio
  5111 | D:6      | Reached skill level 5 in Armour
  5222 | D:6      | Reached skill level 5 in Fighting
  5405 | D:7      | Found Xycu's General Store.
  5531 | D:7      | Found a staircase to the Ecumenical Temple.
  5547 | D:7      | Reached skill level 10 in Unarmed Combat
  5773 | D:7      | Found Fesezerr's Antique Weapon Shoppe.
  5943 | D:7      | Found Buwim's Magic Scroll Emporium.
  6256 | D:8      | Reached XP level 10. HP: 58/60 MP: 10/10
  6413 | D:8      | Reached skill level 11 in Unarmed Combat
  6551 | D:8      | Found an ancient bone altar of Kikubaaqudgha.
  6674 | D:8      | Noticed Erica
  6693 | D:8      | Killed Erica
  7292 | D:9      | Noticed Pikel
  7406 | D:9      | Killed Pikel
  7574 | D:9      | Found a hazy altar of Hepliaklqana.
  7580 | D:9      | Identified a scroll of acquirement
  7585 | D:9      | Got a pair of crude gloves
  7596 | D:9      | Identified the +2 pair of gloves of Wale {rC- MR+ Regen+}
                  | (You acquired it on level 9 of the Dungeon)
  7693 | D:10     | Entered Level 10 of the Dungeon
  7695 | D:10     | Found a staircase to the Orcish Mines.
  7714 | D:10     | Reached XP level 11. HP: 47/67 MP: 11/11
  7727 | D:10     | Reached skill level 12 in Unarmed Combat
  7884 | D:10     | Reached skill level 1 in Evocations
  8131 | D:4      | Bought an uncursed ring of protection from cold for 325
                  | gold pieces
  8237 | D:10     | Reached skill level 10 in Shields
  8575 | D:10     | Found a roughly hewn altar of Beogh.
  8658 | D:11     | Noticed a purple ugly thing
  8947 | D:11     | Found Tolop's Distillery.
  8955 | D:11     | Found a staircase to the Lair.
  8987 | D:11     | Reached skill level 13 in Unarmed Combat
  9103 | D:11     | Bought a potion of heal wounds for 85 gold pieces
  9327 | D:11     | Reached XP level 12. HP: 73/75 MP: 12/12
  9518 | Lair:1   | Entered Level 1 of the Lair of Beasts
  9958 | Lair:1   | Reached skill level 14 in Unarmed Combat
 10809 | Lair:2   | Noticed a six-headed hydra
 10818 | Lair:2   | Killed a six-headed hydra
 10946 | Lair:2   | Learned a level 5 spell: Blade Hands
 11347 | Lair:2   | Found a hole to the Spider Nest.
 11463 | Lair:2   | Found a snail-covered altar of Cheibriados.
 11734 | Lair:3   | Reached skill level 1 in Spellcasting
 11883 | Lair:3   | Noticed Nergalle
 11897 | Lair:3   | Killed Nergalle
 11912 | Lair:3   | Reached skill level 1 in Transmutations
 11926 | Lair:3   | Reached XP level 13. HP: 73/80 MP: 16/16
 12788 | Lair:4   | Reached skill level 15 in Unarmed Combat
 12792 | Lair:4   | Found a staircase to the Shoals.
 13102 | Lair:4   | Gained mutation: You cannot study or cast Air magic. [Ru
                  | sacrifice]
 13102 | Lair:4   | Gained mutation: You cannot study or cast Necromancy magic.
                  | [Ru sacrifice]
 13102 | Lair:4   | Gained mutation: You cannot study or cast Summoning magic.
                  | [Ru sacrifice]
 13102 | Lair:4   | Reached * piety under Ru
 13258 | Lair:4   | You fall through a shaft for 2 floors!
 13258 | Lair:6   | Entered Level 6 of the Lair of Beasts
 14191 | Lair:6   | Reached skill level 10 in Fighting
 14360 | Lair:6   | Noticed a dire elephant
 14360 | Lair:6   | Noticed a dire elephant
 14369 | Lair:6   | Killed a dire elephant
 14385 | Lair:6   | Killed a dire elephant
 14385 | Lair:6   | Gained mutation: Your large and strong wings let you fly
                  | indefinitely. [Gargoyle growth]
 14385 | Lair:6   | Reached XP level 14. HP: 71/88 MP: 20/20
 14394 | Lair:6   | Identified the Almanac of Shifting Earth
 14424 | Lair:6   | Noticed a dire elephant
 14443 | Lair:6   | Killed a dire elephant
 14506 | Lair:6   | Noticed a dire elephant
 14527 | Lair:6   | Killed a dire elephant
 14706 | Lair:6   | Noticed a dire elephant
 14724 | Lair:6   | Killed a dire elephant
 14854 | Lair:5   | Gained mutation: You are somewhat unskilled. (-1 Apt) [Ru
                  | sacrifice]
 14854 | Lair:5   | Reduced skill Dodging to level 1
 14854 | Lair:5   | Reduced skill Unarmed Combat to level 14
 14854 | Lair:5   | Reached ** piety under Ru
 14854 | Lair:5   | Reached *** piety under Ru
 14927 | Lair:5   | Noticed Kirke
 14956 | Lair:5   | Killed Kirke
 15028 | Lair:5   | Reached skill level 15 in Unarmed Combat
 15216 | Lair:5   | Found a staircase to the Slime Pits.
 15857 | D:12     | Found a labyrinth entrance.
 15860 | Lab      | Entered a Labyrinth
 16125 | Lab      | Identified Ceemiken's Catalogue of Creation and Shape
                  | Shifting
 16405 | D:12     | Reached skill level 5 in Spellcasting
 16520 | D:12     | Reached skill level 10 in Fighting
 16544 | D:12     | Gained mutation: You cannot study or use magical devices.
                  | [Ru sacrifice]
 16544 | D:12     | Reached **** piety under Ru
 16544 | D:12     | Reached ***** piety under Ru
 16561 | D:12     | Found a sacrificial altar of Ru.
 16693 | D:12     | Found a roughly hewn altar of Beogh.
 17038 | D:13     | Noticed Snorg
 17046 | D:13     | Reached XP level 15. HP: 48/92 MP: 13/22
 17065 | D:13     | Killed Snorg
 17781 | D:14     | Reached skill level 16 in Unarmed Combat
 17782 | D:14     | Noticed Rupert
 17838 | D:14     | Killed Rupert
 18093 | D:14     | Noticed Azrael
 18110 | D:14     | Killed Azrael
 18240 | D:14     | Found a gate to the Vaults.
 18368 | D:15     | Entered Level 15 of the Dungeon
 18715 | D:15     | Found a staircase to the Depths.
 19128 | D:15     | Reached skill level 5 in Transmutations
 19474 | Orc:1    | Entered Level 1 of the Orcish Mines
 19666 | Orc:1    | Noticed Harold
 19677 | Orc:1    | Killed Harold
 20007 | Orc:2    | Entered Level 2 of the Orcish Mines
 20447 | Orc:2    | Found a staircase to the Elven Halls.
 20505 | Orc:2    | Noticed an orc warlord
 20516 | Orc:2    | Reached XP level 16. HP: 72/99 MP: 17/25
 20531 | Orc:2    | Reached skill level 17 in Unarmed Combat
 20833 | Orc:2    | Found Ymemefer's General Store.
 20834 | Orc:2    | Found Hont's Jewellery Shoppe.
 20835 | Orc:2    | Found Zaomnamo's Antique Armour Shoppe.
 20835 | Orc:2    | Found Ebla's Antique Weapon Emporium.
 21223 | Spider:1 | Entered Level 1 of the Spider Nest
 21461 | Spider:1 | Gained mutation: You are hated by all. [Ru sacrifice]
 21636 | Spider:1 | Paralysed by the power of Zot for 5 turns
 23493 | Spider:3 | Reached XP level 17. HP: 104/104 MP: 27/27
 24230 | Spider:4 | Entered Level 4 of the Spider Nest
 24341 | Spider:4 | Noticed Arachne
 24378 | Spider:4 | Killed Arachne
 24378 | Spider:4 | Reached skill level 18 in Unarmed Combat
 25087 | Spider:4 | Got a gossamer rune of Zot
 25557 | Shoals:1 | Entered Level 1 of the Shoals
 25894 | Shoals:1 | Got a fine hunting sling
 25895 | Shoals:1 | Identified the +6 hunting sling "Haelig" {freeze, rPois
                  | rC+} (You found it on level 1 of the Shoals)
 26298 | Shoals:1 | Reached skill level 10 in Armour
 26486 | Shoals:2 | Noticed a kraken
 26490 | Shoals:2 | Reached XP level 18. HP: 106/111 MP: 26/29
 27581 | Shoals:3 | Reached skill level 19 in Unarmed Combat
 28210 | Shoals:4 | Entered Level 4 of the Shoals
 29281 | Shoals:4 | Reached skill level 15 in Shields
 29350 | Shoals:4 | Got a barnacled rune of Zot
 29746 | Vaults:1 | Entered Level 1 of the Vaults
 29791 | Vaults:1 | Noticed a Tzitzimitl
 29799 | Vaults:1 | Reached XP level 19. HP: 104/116 MP: 26/31
 30234 | Vaults:1 | Reached skill level 20 in Unarmed Combat
 31129 | Vaults:1 | Found Vaumm's Armour Emporium.
 31503 | Vaults:2 | Reached XP level 20. HP: 124/124 MP: 33/33
 31873 | Vaults:2 | Got a scorched granite ring
 31874 | Vaults:2 | Identified the ring of the Wary Continents {+Inv +Fly rF-
                  | Str+3 SInv} (You found it on level 2 of the Vaults)
 32501 | Vaults:2 | Found Qystiah's Antique Armour Shoppe.
 32788 | Vaults:3 | Noticed Jory
 32809 | Vaults:3 | Killed Jory
 33030 | Vaults:3 | Found a large runed door.
 33030 | Vaults:3 | Found a large runed door.
 33031 | Vaults:3 | Found a large runed door.
 33034 | Vaults:3 | Found a large runed door.
 33034 | Vaults:3 | Found a large runed door.
 33034 | Vaults:3 | Found a large runed door.
 33249 | Vaults:3 | Found a large runed door.
 33249 | Vaults:3 | Noticed Anen's ghost (journeyman FeCj)
 33250 | Vaults:3 | Found a large runed door.
 33366 | Vaults:3 | Killed Anen's ghost
 33422 | Vaults:3 | Found a staircase to the Crypt.
 33991 | Vaults:4 | Reached skill level 21 in Unarmed Combat
 34137 | Vaults:4 | Found Veol's Food Emporium.
 34240 | Vaults:4 | Found Wuvusom's Food Shop.
 34354 | Vaults:4 | Reached XP level 21. HP: 121/129 MP: 30/34
 34519 | Vaults:4 | Found Kenirir's Food Shoppe.
 34751 | Vaults:4 | Found Bepo Hui's General Store.
 35249 | Elf:1    | Entered Level 1 of the Elven Halls
 35435 | Elf:1    | Found Otacvu's Distillery.
 35438 | Elf:1    | Bought a potion of invisibility for 104 gold pieces
 35438 | Elf:1    | Bought a potion of heal wounds for 65 gold pieces
 35770 | Elf:1    | Noticed Asterion
 35797 | Elf:1    | Killed Asterion
 35840 | Elf:1    | Identified Roxanne's Tome of Changing
 35840 | Elf:1    | Noticed Roxanne
 35853 | Elf:1    | Killed Roxanne
 35930 | Elf:1    | Reached skill level 10 in Spellcasting
 36157 | Elf:1    | Identified the Papyrus of Confrontation and the Entourage
 36620 | Elf:2    | Found a runed gate.
 36620 | Elf:2    | Found a runed gate.
 36621 | Elf:2    | Found a runed gate.
 37732 | Elf:3    | Entered Level 3 of the Elven Halls
 37993 | Elf:3    | Found Xeiso's Jewellery Shop.
 38077 | Elf:3    | Gained mutation: You cannot be stealthy. [Ru sacrifice]
 38436 | Elf:3    | Reached XP level 22. HP: 128/137 MP: 31/36
 38631 | Elf:3    | Identified the +11 trident "Rioghetu" {protect, rElec rN+
                  | Str+2 Stlth+}
 39184 | Elf:3    | Got a scorched platinum amulet
 39194 | Elf:3    | Got a crude helmet
 39204 | Elf:3    | Identified the Reference Book on Ghastly Stones
 39214 | Elf:3    | Identified the amulet of Amorality {+Rage Str+4 Dex+3} (You
                  | found it on level 3 of the Elven Halls)
 39218 | Elf:3    | Identified the +2 helmet "Sotuinoe" {Str+3} (You found it
                  | on level 3 of the Elven Halls)
 39309 | Elf:3    | Bought the ring of Puguthoicaf {rElec rC+ Str-2 Int+9 SInv}
                  | for 861 gold pieces
 39619 | Depths:1 | Entered Level 1 of the Depths
 39653 | Depths:1 | Reached skill level 22 in Unarmed Combat
 39817 | Depths:1 | Noticed a juggernaut
 39886 | Depths:1 | Found a gateway to Hell.
 40235 | Depths:1 | Found a one-way gate to the infinite horrors of the Abyss.
 40525 | Depths:1 | Found a runed door.
 41304 | Depths:2 | Found a gateway to a ziggurat.
 41368 | Depths:2 | Reached XP level 23. HP: 129/143 MP: 34/38
 41485 | Depths:2 | Found a runed gate.
 41486 | Depths:2 | Found an opulent altar of Gozag.
 41486 | Depths:2 | Noticed a golden dragon
 41486 | Depths:2 | Noticed Mischuekh's ghost (legendary FoFi)
 41487 | Depths:2 | Found a runed gate.
 41487 | Depths:2 | Found a runed gate.
 41489 | Depths:2 | Found Tiuddent's Assorted Antiques.
 41505 | Depths:2 | Killed a golden dragon
 41532 | Depths:2 | Killed Mischuekh's ghost
 41867 | Depths:2 | Found a deep blue altar of Sif Muna.
 42386 | Depths:3 | Found Yffebuj's Armour Shop.
 42566 | Depths:3 | Upgraded the game from 0.23-a0-489-g205b0b61ae to
                  | 0.23-a0-494-g91793a9df2
 42571 | Depths:3 | Identified the +2 faerie dragon scales {rCorr Str+3 Dex+3}
 42571 | Depths:3 | Noticed the Enchantress
 42634 | Depths:3 | Killed the Enchantress
 42930 | Depths:3 | Reached skill level 10 in Transmutations
 42935 | Depths:3 | Reached skill level 15 in Fighting
 43196 | Depths:3 | Found Fuwese's Gadget Boutique.
 43197 | Depths:3 | Found Duogik's Jewellery Shoppe.
 43198 | Depths:3 | Found Icudyn's Gadget Boutique.
 43300 | Depths:3 | Found a one-way gate leading to the halls of Pandemonium.
 43540 | Depths:3 | Identified the +5 long sword of Anxiety {slice, rElec rC-
                  | rN+}
 43555 | Depths:3 | Reached skill level 23 in Unarmed Combat
 43828 | Depths:4 | Reached XP level 24. HP: 127/150 MP: 32/39
 43993 | Depths:4 | Found a sparkling altar of Nemelex Xobeh.
 44920 | Depths:4 | Identified the +3 plate armour "Vyegousk" {rF++} (You found
                  | it on level 4 of the Depths)
 44950 | Depths:4 | Gained mutation: You occasionally shout uncontrollably at
                  | your foes. [Ru sacrifice]
 45620 | Hell     | Entered the Vestibule of Hell
 45620 | Hell     | Noticed Geryon
 45673 | Hell     | Killed Geryon
 45869 | Depths:5 | Entered Level 5 of the Depths
 45888 | Depths:5 | Noticed Saint Roka
 45917 | Depths:5 | Killed Saint Roka
 46069 | Depths:5 | Upgraded the game from 0.23-a0-494-g91793a9df2 to
                  | 0.23-a0-650-ga4d50d4d25
 46207 | Depths:5 | Quit the game

Vault maps used:
D:1:      onia_arrival_zoo_common, nicolae_ashenzari_panopticon
D:2:      lemuel_doored_altar, grunt_dithmenos_smoke_and_mirrors, first_ration,
          minmay_distorted, uniq_crazy_yiuf_cottage, uniq_sigmund
D:3:      grunt_temple_overflow_open
D:4:      serial_shops, kennysheep_little_box, shop, shop, kennysheep_mini_moat,
          minmay_pentomino_pile
D:5:      cheibrodos_iron_armory, marbit_many_paths, serial_shops, shop,
          dk_vineyard_1
D:6:      minmay_opposing_rooms, vehumet_crystals, uniq_duvessa, uniq_eustachio
D:7:      minmay_temple_entry_statues_pillars, serial_shops, shop,
          nicolae_shop_waterfront, shop
D:8:      nicolae_overflow_crystal_walls, chequers_serial_rivers_room_a,
          david_nohive_1, chequers_decorated_corner, uniq_erica
D:9:      lemuel_crystal_altar, uniq_pikel
D:10:     minmay_orc_entry_temple_small
D:11:     erik_lair_island, serial_shops, shop
D:12:     lab_entry_generic, nicolae_ru_sacrificial_ziggurat
D:13:     uniq_snorg
D:14:     erik_vaults_2, corexii_corridor_pit, uniq_rupert, uniq_azrael,
          uniq_louise
D:15:     grunt_enter_depths_hoard, minivault_15
Lair:1:   kb_forest_paths, serial_bayou_shore_a, lemuel_fruit_tree,
          minmay_lair_oklob_chamber
Lair:2:   spider_nest_entry_rubble, kennysheep_snail_temple
Lair:3:   infiniplex_staircase_pool, uniq_nergalle
Lair:4:   minmay_shoals_entry_beasts
Lair:5:   minmay_slime_entry_pillars, infiniplex_staircase_pool_2,
          grunt_megastairs_2, uniq_kirke
Lair:6:   due_jungle_book
Shoals:2: cheibrodos_shoals_baths, nicolae_shoals_circle_sea_wall
Shoals:3: abandoned_shop, st_cyclops
Shoals:4: shoals_end_hangedman, argonaut_gorgonesque
Spider:4: grunt_spider_rune_circles, spider_trap, nicolae_spider_circle_web,
          uniq_arachne
Orc:1:    uniq_harold
Orc:2:    st_orc_congregation
Elf:1:    eino_elf_arrival_sip, serial_shops, nicolae_shop_window_shopping,
          minmay_elf_sorcery, nicolae_elf_big_sculpture_3, spider_trap,
          kilobyte_rumbling_trees, uniq_asterion, uniq_roxanne
Elf:3:    elf_hall_gauntlet_wide, serial_sigils, serial_sigils_hangedman_scar,
          serial_sigils_hangedman_carve, serial_sigils_hangedman_gnaw,
          serial_sigils_hangedman_snap, serial_shops, nicolae_shop_waterfront
Vaults:1: v_pattern_1, hangedman_vaults_corner, nicolae_vaults_network_square,
          nicolae_vaults_mini_display_case, v_alt_pattern_1,
          dpeg_vaults_monster_box, hangedman_vaults_nodes
Vaults:2: nicolae_vaults_ninety_degrees, v_pattern_4, grunt_vaults_trifunnel,
          vaults_dpeg_encased_lava, nicolae_vaults_network_quinsquares,
          ontoclasm_vaults_tryst, v_misc_23, vaults_room_grunt_arrival_ludios,
          ontoclasm_vaults_twist, v_misc_9, ontoclasm_vaults_gateway,
          serial_shops, shop_statue
Vaults:3: advil_vaults_ghost_lines, grunt_vaults_diagonal,
          hangedman_vaults_stagger, blue_anna_dwarven_crypt,
          vaults_room_stairs_pillars, hangedman_vaults_restitches, v_misc_33,
          nicolae_vaults_border_crossing, v_misc_11,
          nicolae_vaults_twisting_passages, grunt_vaults_hallway_short,
          vaults_room_semicircle, uniq_jory
Vaults:4: nicolae_vaults_little_squares_4, v_misc_17, ontoclasm_vaults_fault,
          vaults_dpeg_hooks, st_lattice, nicolae_vaults_stairing_the_circle,
          vaults_room_large_hall, v_rooms_6, vaults_room_octagon,
          grunt_vaults_focal, ontoclasm_vaults_spin,
          ontoclasm_vaults_ring_square, vaults_standard_mumra_x, serial_shops,
          shop, shop, shop, nicolae_shop_trees
Depths:1: hellmouth_3, hangedman_abyss_entry_splay, minmay_hidden_floor,
          serial_bayou_shore_b
Depths:2: minmay_crystal_thing, enter_ziggurat_f, hell_entry,
          ebering_ghost_gozag, chequers_serial_rivers_micro_b,
          infiniplex_staircase_pool_lava
Depths:3: minmay_the_grid_square_5x5_3x3, hell_entry, glass_columns_a,
          pan_entry, serial_shops, shop, kennysheep_generic_room_12,
          infiniplex_staircase_hallway_doors, serial_bayou_shore_b,
          minmay_shop_grove, uniq_enchantress
Depths:4: hangedman_six_sided_sadism, hell_entry, abyss_entry,
          nemelex_xobeh_ov_fountains_minmay, serial_bayou_shore_b
Depths:5: grunt_zot_entry_funnels, hell_entry, abyss_entry,
          minmay_misc_feat_more_columns, pan_entry, uniq_saint_roka, uniq_boris,
          uniq_xtahua
Lab:      nicolae_lab_dead_adventurers, nicolae_lab_blocks, labyrinth_glass_1

Skill      XL: |  1  2  3  4  5  6  7  8  9 10 11 12 13 14 15 16 17 18 19 20 21 22 23 24 |
---------------+-------------------------------------------------------------------------+-----
Unarmed Combat | 3 5 6 7 9 10 11 13 14 15 15 16 17 18 19 20 21 22 23 | 23.6
Shields        | 4 5 6 7 9 10 11 12 11 12 13 14 15 16 17 18 | 18.0
Dodging        | 1 2 1 2 3 4 |  4.8
Armour         | 4 5 6 7 8 9 8 9 10 11 12 13 | 13.7
Fighting       | 4 5 7 8 9 10 10 11 12 13 14 15 | 15.7
Evocations     | 1 0 |  0.0
Spellcasting   | 2 4 5 6 7 8 9 10 11 12 13 | 13.4
Transmutations | 1 3 4 5 6 7 8 9 10 | 10.7

Action                   |  1- 3 |  4- 6 |  7- 9 | 10-12 | 13-15 | 16-18 | 19-21 | 22-24 || total
-------------------------+-------+-------+-------+-------+-------+-------+-------+-------++-------
Melee: Unarmed           |   169 |   207 |   593 |  1119 |  1934 |  2424 |  2248 |  2033 || 10727
Invok: Reject Sacrifices |       |       |     1 |     1 |     1 |     2 |     1 |     1 ||     7
       Sacrifice Arcana  |       |       |       |       |     1 |       |       |       ||     1
       Apocalypse        |       |       |       |       |     4 |     5 |     4 |    10 ||    23
       Draw Out Power    |       |       |       |       |     1 |     1 |       |     3 ||     5
       Sacrifice Artific |       |       |       |       |     1 |       |       |       ||     1
       Sacrifice Skill   |       |       |       |       |     1 |       |       |       ||     1
       Sacrifice Love    |       |       |       |       |       |     1 |       |       ||     1
       Sacrifice Stealth |       |       |       |       |       |       |     1 |       ||     1
       Sacrifice Purity  |       |       |       |       |       |       |       |     1 ||     1
 Abil: Fly               |       |       |       |       |     1 |       |       |       ||     1
Evoke: Wand              |       |       |       |     8 |       |       |       |       ||     8
       Phial of floods   |       |       |       |       |     1 |       |       |       ||     1
  Use: Potion            |       |     4 |       |     1 |     5 |     2 |       |     3 ||    15
       Scroll            |       |       |     3 |     6 |    18 |    12 |     5 |    13 ||    57
 Stab: Confused          |       |       |       |     7 |       |       |       |       ||     7
       Distracted        |       |       |       |       |     4 |    15 |     2 |     9 ||    30
       Invisible         |       |       |       |       |     4 |    13 |     2 |    11 ||    30
       Paralysed         |       |       |       |       |     4 |     2 |     9 |    30 ||    45
       Petrifying        |       |       |       |       |       |     3 |       |       ||     3
  Eat: Chunk             |       |     4 |    14 |    17 |    20 |    25 |    12 |     9 ||   101
       Ration            |       |       |     2 |     3 |     5 |     4 |     5 |     6 ||    25
Armor: Scale mail        |    65 |    71 |    52 |       |       |       |       |       ||   188
       Plate armour      |       |       |   275 |   575 |   530 |       |       |       ||  1380
       Skin              |       |       |       |    14 |       |       |       |       ||    14
       Crystal plate arm |       |       |       |       |   738 |  2111 |  1107 |  1164 ||  5120
Dodge: Dodged            |    45 |    57 |    98 |   207 |   290 |   416 |   255 |   276 ||  1644
Block: Shield            |    72 |    86 |   314 |   580 |  1039 |  1548 |   911 |   983 ||  5533
       Reflection        |       |       |       |       |       |       |    83 |    49 ||   132

Table legend:
 A = Non-vault XP
 B = Vault XP
 C = Vault XP percentage of total XP
 D = Non-vault monster count
 E = Vault monster count
 F = Vault count percentage of total count
                 A         B        C        D         E       F
            +---------+---------+-------+---------+---------+-------
      Total |  540182 |  418125 |  43.6 |    1363 |     660 |  32.6
            +---------+---------+-------+---------+---------+-------
        D:1 |      34 |       0 |   0.0 |      22 |       0 |   0.0
        D:2 |      69 |     224 |  76.5 |      23 |       2 |   8.0
        D:3 |     385 |       0 |   0.0 |      36 |       0 |   0.0
        D:4 |     532 |     144 |  21.3 |      20 |       4 |  16.7
        D:5 |     549 |     121 |  18.1 |      11 |       1 |   8.3
        D:6 |     776 |     755 |  49.3 |      22 |       8 |  26.7
        D:7 |     903 |       0 |   0.0 |      20 |       0 |   0.0
        D:8 |    1330 |    2009 |  60.2 |      23 |      15 |  39.5
        D:9 |     252 |     617 |  71.0 |       6 |       1 |  14.3
       D:10 |    4736 |     549 |  10.4 |      37 |       7 |  15.9
       D:11 |    4513 |     767 |  14.5 |      53 |       8 |  13.1
       D:12 |    8350 |    1075 |  11.4 |      36 |      25 |  41.0
       D:13 |    8489 |    1185 |  12.2 |      44 |       1 |   2.2
       D:14 |    3198 |   10888 |  77.3 |      18 |      15 |  45.5
       D:15 |   14136 |    2623 |  15.7 |      36 |       4 |  10.0
     Lair:1 |    2379 |    3191 |  57.3 |      13 |      15 |  53.6
     Lair:2 |    2785 |    1093 |  28.2 |      13 |       3 |  18.8
     Lair:3 |    4769 |     792 |  14.2 |      20 |       1 |   4.8
     Lair:4 |    4241 |     776 |  15.5 |      17 |       2 |  10.5
     Lair:5 |   10384 |    3613 |  25.8 |      21 |      10 |  32.3
     Lair:6 |   16522 |    2824 |  14.6 |      39 |       5 |  11.4
   Shoals:1 |   18095 |       0 |   0.0 |      39 |       0 |   0.0
   Shoals:2 |    9022 |    2212 |  19.7 |      21 |       6 |  22.2
   Shoals:3 |   18576 |    4050 |  17.9 |      43 |       8 |  15.7
   Shoals:4 |   11625 |   23327 |  66.7 |      25 |      42 |  62.7
   Spider:1 |   17031 |       0 |   0.0 |      45 |       0 |   0.0
   Spider:2 |   13926 |       0 |   0.0 |      43 |       0 |   0.0
   Spider:3 |   15029 |       0 |   0.0 |      41 |       0 |   0.0
   Spider:4 |   13715 |   26014 |  65.5 |      37 |      37 |  50.0
      Orc:1 |    2344 |     965 |  29.2 |      32 |       1 |   3.0
      Orc:2 |    1502 |   11240 |  88.2 |      24 |      66 |  73.3
      Elf:1 |   14767 |   14983 |  50.4 |      25 |      20 |  44.4
      Elf:2 |   20669 |   22912 |  52.6 |      31 |      30 |  49.2
      Elf:3 |   11253 |   31381 |  73.6 |      19 |      25 |  56.8
   Vaults:1 |   53949 |   28881 |  34.9 |      88 |      42 |  32.3
   Vaults:2 |   22371 |   17134 |  43.4 |      52 |      32 |  38.1
   Vaults:3 |   13856 |   28597 |  67.4 |      27 |      31 |  53.4
   Vaults:4 |   11517 |   24277 |  67.8 |      25 |      40 |  61.5
   Depths:1 |   43625 |   14319 |  24.7 |      56 |      21 |  27.3
   Depths:2 |   21974 |   29346 |  57.2 |      29 |      19 |  39.6
   Depths:3 |   58026 |   29967 |  34.1 |      65 |      25 |  27.8
   Depths:4 |   41872 |   42937 |  50.6 |      48 |      46 |  48.9
   Depths:5 |   12723 |   20341 |  61.5 |      14 |      24 |  63.2
       Hell |    3383 |   10189 |  75.1 |       4 |      14 |  77.8
        Lab |       0 |    1807 | 100.0 |       0 |       4 | 100.0
            +---------+---------+-------+---------+---------+-------
